 Dungeon Crawl Stone Soup version 0.26-a0-466-g989023bd0d (webtiles) character file.

Game seed: 2729453875909534451

375 Lanoc the Chiller (level 6, -4/44 HPs)
             Began as a Gnoll Ice Elementalist on Aug 13, 2020.
             Was a Follower of Ashenzari.
             Slain by a wyvern skeleton (11 damage)
             ... on level 6 of the Dungeon.
             The game lasted 00:06:19 (4093 turns).

Lanoc the Chiller (Gnoll Ice Elementalist)          Turns: 4093, Time: 00:06:19

Health: -4/44      AC:  3    Str: 11    XL:     6   Next: 72%
Magic:  9/14       EV: 15    Int: 19    God:    Ashenzari [*.....]
Gold:   190        SH:  5    Dex: 15    Spells: 7/15 levels left

rFire    . . .     SeeInvis +     - Unarmed
rCold    . . .     Faith    .   (no shield)
rNeg     . . .     Spirit   .   a - +0 robe
rPois    .         Reflect  +   (no helmet)
rElec    .         Harm     .   e - +0 cloak
rCorr    .                      (no gloves)
MR       .....                  (no boots)
Stlth    ++++......             g - amulet of reflection
HPRegen  0.14/turn              f - ring of stealth
MPRegen  0.14/turn              m - ring of see invisible

@: mighty, frozen ramparts
A: distributed training, fangs 1, strong nose
a: Curse Item, Scrying, Renounce Religion


You were on level 6 of the Dungeon.
You worshipped Ashenzari.
Ashenzari was aware of your devotion.
You visited 1 branch of the dungeon, and saw 6 of its levels.

You collected 190 gold pieces.

Inventory:

Armour
 a - a +0 robe (worn)
 e - a +0 cloak (worn)
Jewellery
 f - a ring of stealth (left hand)
 g - an amulet of reflection (around neck)
 m - a ring of see invisible (right hand)
 r - an uncursed ring of flight
Scrolls
 b - a scroll of random uselessness {unknown}
 d - 5 scrolls of identify {unknown}
 i - 4 scrolls of enchant weapon {unknown}
 j - a scroll of teleportation {unknown}
 k - a scroll of noise {unknown}
 l - a scroll of amnesia {unknown}
Potions
 c - a potion of might
 h - a potion of curing {unknown}
 n - a potion of degeneration {unknown}
 o - 2 potions of heal wounds {unknown}
 p - 2 potions of ambrosia {unknown}
 q - a potion of haste {unknown}


   Skills:
 + Level 2.1 Fighting
 + Level 2.1 Short Blades
 + Level 2.1 Long Blades
 + Level 2.1 Axes
 + Level 2.1 Maces & Flails
 + Level 2.1 Polearms
 + Level 2.1 Staves
 + Level 2.1 Slings
 + Level 2.1 Bows
 + Level 2.1 Crossbows
 + Level 2.1 Throwing
 + Level 2.1 Armour
 + Level 5.0 Dodging
 + Level 4.6 Stealth
 + Level 2.1 Shields
 + Level 2.1 Unarmed Combat
 + Level 5.4 Spellcasting
 + Level 1.6 Conjurations
 + Level 1.6 Hexes
 + Level 1.6 Summonings
 + Level 1.6 Necromancy
 + Level 1.6 Translocations
 + Level 1.6 Transmutations
 + Level 1.6 Fire Magic
 + Level 7.3 Ice Magic
 + Level 1.6 Air Magic
 + Level 1.6 Earth Magic
 + Level 1.6 Poison Magic
 + Level 2.3 Invocations
 + Level 2.1 Evocations


You had 7 spell levels left.
You knew the following spells:

 Your Spells              Type           Power        Failure   Level
a - Freeze                Ice            ####         1%          1
b - Frozen Ramparts       Ice            ####..       1%          3
c - Ozocubu's Armour      Ice            ####....     1%          3
d - Apportation           Tloc           ##....       6%          1

Your spell library contained the following spells:

 Spells                   Type           Power        Failure   Level
 Animate Skeleton         Necr           ##....       6%          1
 Corona                   Hex            ##.....      6%          1
 Summon Small Mammal      Summ           ##..         6%          1
 Hailstorm                Conj/Ice       ###.....     19%         4
 Summon Ice Beast         Ice/Summ       ###.....     19%         4


Dungeon Overview and Level Annotations

Branches:
Dungeon (6/15)
 Temple: D:4-7

Altars:
Ashenzari
Hepliaklqana
Nemelex Xobeh
Trog
Wu Jian
Xom
Zin


Innate Abilities, Weirdness & Mutations

Your experience applies equally to all skills.
You have very sharp teeth.
Your uncanny sense of smell can sniff out nearby items.


Message History

You feel very mighty all of a sudden.
The wyvern skeleton completely resists.
The wall freezes the wyvern skeleton but do no damage.
The wyvern skeleton misses you.
You hit the wyvern skeleton.
The wyvern skeleton is heavily damaged.
The wyvern skeleton completely resists.
The wall freezes the wyvern skeleton but do no damage.
The wyvern skeleton closely misses you.
The wyvern skeleton completely resists.
The wall freezes the wyvern skeleton but do no damage.
You block the wyvern skeleton's attack.
You hit the wyvern skeleton.
The wyvern skeleton is heavily damaged.
The wyvern skeleton resists.
The wall freezes the wyvern skeleton.
You block the wyvern skeleton's attack.
You barely miss the wyvern skeleton.
The wyvern skeleton is heavily damaged.
The wyvern skeleton resists.
The wall freezes the wyvern skeleton.
The wyvern skeleton bites you!
You die...

#. #.># . #..#..#
##.#.#..#..#
##.#..#..#..#######
#.#......#.........
#........)########
###...>.....#
...........Z#
#........@##
#.........#
#..#...##.#
#...#####.# #..##
#.# #..# #.# ##..#
#.# #...# #.# #..##
#..


You could see a wyvern skeleton.

Vanquished Creatures
  Eustachio (D:6)
  A scorpion (D:4)
  An iguana (D:6)
  3 gnolls (D:3)
  5 adders
  5 worms (D:2)
  2 leopard geckos
  5 orcs
  5 bats
  5 giant cockroaches
  5 goblins
  11 hobgoblins
  6 jackals (D:2)
  7 kobolds
  3 quokkas
  A frilled lizard (D:4)
  6 rats
72 creatures vanquished.

Notes
Turn   | Place    | Note
-------+----------+-------------------------------------------
     0 | D:1      | Lanoc the Gnoll Ice Elementalist began the quest for the
                  | Orb.
     0 | D:1      | Reached XP level 1. HP: 13/13 MP: 6/6
   249 | D:1      | Reached XP level 2. HP: 19/19 MP: 5/7
   778 | D:2      | Reached skill level 5 in Spellcasting
   778 | D:2      | Reached XP level 3. HP: 25/25 MP: 0/9
  1044 | D:2      | Learned a level 3 spell: Frozen Ramparts
  1048 | D:2      | Learned a level 3 spell: Ozocubu's Armour
  1104 | D:2      | Reached skill level 1 in Invocations
  1188 | D:2      | Found an ornate altar of the Wu Jian Council.
  1322 | D:2      | Noticed a moth of wrath
  1327 | D:2      | Found a bloodstained altar of Trog.
  1357 | D:2      | Reached skill level 1 in Fighting
  1357 | D:2      | Reached skill level 1 in Short Blades
  1357 | D:2      | Reached skill level 1 in Long Blades
  1357 | D:2      | Reached skill level 1 in Axes
  1357 | D:2      | Reached skill level 1 in Maces & Flails
  1357 | D:2      | Reached skill level 1 in Polearms
  1357 | D:2      | Reached skill level 1 in Staves
  1357 | D:2      | Reached skill level 1 in Slings
  1357 | D:2      | Reached skill level 1 in Bows
  1357 | D:2      | Reached skill level 1 in Crossbows
  1357 | D:2      | Reached skill level 1 in Throwing
  1357 | D:2      | Reached skill level 1 in Armour
  1357 | D:2      | Reached skill level 1 in Shields
  1357 | D:2      | Reached skill level 1 in Unarmed Combat
  1357 | D:2      | Reached skill level 1 in Evocations
  1539 | D:2      | Reached XP level 4. HP: 32/32 MP: 7/11
  1630 | D:2      | Found a hazy altar of Hepliaklqana.
  1855 | D:2      | Found a sparkling altar of Nemelex Xobeh.
  2273 | D:3      | Learned a level 1 spell: Apportation
  2285 | D:3      | Reached skill level 1 in Conjurations
  2285 | D:3      | Reached skill level 1 in Hexes
  2285 | D:3      | Reached skill level 1 in Summonings
  2285 | D:3      | Reached skill level 1 in Necromancy
  2285 | D:3      | Reached skill level 1 in Translocations
  2285 | D:3      | Reached skill level 1 in Transmutations
  2285 | D:3      | Reached skill level 1 in Fire Magic
  2285 | D:3      | Reached skill level 1 in Air Magic
  2285 | D:3      | Reached skill level 1 in Earth Magic
  2285 | D:3      | Reached skill level 1 in Poison Magic
  2411 | D:3      | Reached XP level 5. HP: 37/37 MP: 7/12
  2703 | D:3      | Found a shattered altar of Ashenzari.
  2804 | D:3      | Became a worshipper of Ashenzari the Shackled
  3398 | D:4      | Noticed a phantom
  3523 | D:4      | Found a glowing silver altar of Zin.
  3523 | D:4      | Found a shimmering altar of Xom.
  3523 | D:4      | Noticed an angel
  3578 | D:5      | Entered Level 5 of the Dungeon
  3630 | D:5      | Found a shimmering altar of Xom.
  3635 | D:5      | Found a shimmering altar of Xom.
  3635 | D:5      | Found a shimmering altar of Xom.
  3636 | D:5      | Found a shimmering altar of Xom.
  3636 | D:5      | Found a shimmering altar of Xom.
  3640 | D:5      | Reached * piety under Ashenzari
  3794 | D:5      | Noticed a phantom
  4028 | D:6      | Reached XP level 6. HP: 40/44 MP: 9/13
  4072 | D:6      | Noticed Eustachio
  4088 | D:6      | Killed Eustachio
  4088 | D:6      | Reached skill level 5 in Dodging
  4093 | D:6      | Slain by a wyvern skeleton

Illustrated notes

Levels and vault maps discovered:
D:1:      lemuel_arrival_room, layout_basic
D:2:      layout_loops_ring, old_standard_altar, tgw_trog, marbit_many_paths,
          lemuel_crystal_altar
D:3:      layout_basic, cheibrodos_ashenzari_chains
D:4:      layout_layer_cave, grunt_temple_overflow_order_and_chaos_1
D:5:      layout_basic, lemuel_crystal_altar,
          minmay_temple_entry_statues_fountains, xom_redecorated
D:6:      layout_loops_ring, tso_altar, uniq_eustachio

Skill      XL: |  1  2  3  4  5  6 |
---------------+-------------------+-----
Spellcasting   | 5 |  5.4
Invocations    | 1 2 |  2.3
Fighting       | 1 2 |  2.1
Short Blades   | 1 2 |  2.1
Long Blades    | 1 2 |  2.1
Axes           | 1 2 |  2.1
Maces & Flails | 1 2 |  2.1
Polearms       | 1 2 |  2.1
Staves         | 1 2 |  2.1
Slings         | 1 2 |  2.1
Bows           | 1 2 |  2.1
Crossbows      | 1 2 |  2.1
Throwing       | 1 2 |  2.1
Armour         | 1 2 |  2.1
Shields        | 1 2 |  2.1
Unarmed Combat | 1 2 |  2.1
Evocations     | 1 2 |  2.1
Conjurations   | 1 |  1.6
Hexes          | 1 |  1.6
Summonings     | 1 |  1.6
Necromancy     | 1 |  1.6
Translocations | 1 |  1.6
Transmutations | 1 |  1.6
Fire Magic     | 1 |  1.6
Air Magic      | 1 |  1.6
Earth Magic    | 1 |  1.6
Poison Magic   | 1 |  1.6
Dodging        | 5 |  5.0
Stealth        | |  4.6
Ice Magic      | |  7.3

Action                   |  1- 3 |  4- 6 || total
-------------------------+-------+-------++-------
Melee: Unarmed           |    13 |    72 ||    85
       Bite              |       |     7 ||     7
 Cast: Freeze            |    35 |       ||    35
       Frozen Ramparts   |     8 |    29 ||    37
  Use: Potion            |       |     1 ||     1
 Stab: Sleeping          |       |     2 ||     2
Armor: Robe              |    11 |     7 ||    18
Dodge: Dodged            |    24 |    51 ||    75
Block: Other             |     2 |    13 ||    15

Table legend: (Time is in decaauts)
 A = Elapsed time spent in this place.
 B = Non-inter-level travel time spent in this place.
 C = Inter-level travel time spent in this place.
 D = Time resting spent in this place.
 E = Time spent auto-exploring this place.
 F = Levels seen in this place.
 G = Mean time per level.
                   A        B        C        D        E       F      G
               +--------+--------+--------+--------+--------+-----+--------+
         Total |   4090 |   3992 |     98 |      0 |   3338 |   6 |  681.7 |
       Dungeon |   4090 |   3992 |     98 |      0 |   3338 |   6 |  681.7 |
               +--------+--------+--------+--------+--------+-----+--------+

Top non-repeatable levels by time:
     D:2: 1519 daAuts
     D:3: 1106 daAuts
     D:1: 749 daAuts
     D:5: 302 daAuts
     D:6: 212 daAuts
     D:4: 200 daAuts
